 Dungeon Crawl Stone Soup version 0.27-a0-906-g0a00ce863d (webtiles) character file.

Game seed: 12771429079029654592

983 DarkShadow the Chopper (level 7, 0/63 HPs)
             Began as a Minotaur Fighter on Apr 7, 2021.
             Was an Initiate of Gozag.
             Slain by a killer bee (2 damage)
             ... on level 5 of the Dungeon.
             The game lasted 00:10:33 (4503 turns).

DarkShadow the Chopper (Minotaur Fighter)           Turns: 4503, Time: 00:10:33

Health: 0/63       AC: 10    Str: 21    XL:     7   Next: 96%
Magic:  0/6        EV:  8    Int:  5    God:    Gozag
Gold:   232        SH: 10    Dex: 11    Spells: 6/6 levels left

rFire    . . .     SeeInvis .   a - +0 war axe
rCold    . . .     Faith    .   c - +0 kite shield
rNeg     . . .     Spirit   +   b - +0 scale mail
rPois    .         Reflect  .   (helmet restricted)
rElec    .         Harm     .   i - +0 cloak
rCorr    +         Rampage  .   (no gloves)
Will     .....                  s - +0 pair of boots
Stlth    ..........             m - amulet of guardian spirit
HPRegen  0.20/turn              g - ring of resist corrosion
MPRegen  0.10/turn              (no ring)

@: mighty, lethally poisoned (0 -> -2)
A: horns 2, retaliatory headbutt
a: Renounce Religion, Potion Petition, Call Merchant, Bribe Branch


You were on level 5 of the Dungeon.
You worshipped Gozag.
Gozag was aware of your devotion.
You visited 2 branches of the dungeon, and saw 6 of its levels.

You collected 297 gold pieces.
You paid 65 gold pieces to Gozag.

Inventory:

Hand Weapons
 a - a +0 war axe (weapon)
Missiles
 h - 2 atropa-tipped darts (quivered)
Armour
 b - a +0 scale mail (worn)
 c - a +0 kite shield (worn)
 i - a +0 cloak (worn)
 s - a +0 pair of boots (worn)
Jewellery
 g - a ring of resist corrosion (left hand)
 m - an amulet of guardian spirit (around neck)
Wands
 k - a wand of iceblast (7)
Scrolls
 e - a scroll of teleportation
 l - a scroll of silence
 o - a scroll of immolation {unknown}
 q - a scroll of identify {unknown}
 r - a scroll of acquirement {unknown}
Potions
 f - a potion of magic {unknown}
 j - a potion of brilliance {unknown}
 n - 3 potions of curing {unknown}
 p - a potion of attraction {unknown}


   Skills:
 + Level 6.0 Fighting
 + Level 7.1 Axes
 + Level 6.5 Armour
 + Level 1.4 Dodging
 + Level 0.2 Stealth
 + Level 5.5 Shields


You had 6 spell levels left.
You didn't know any spells.
Your spell library contained the following spells:

 Spells                   Type           Power      Damage    Failure   Level
 Beastly Appendage        Tmut           0%         N/A       99%         1
 Magic Dart               Conj           0%         1d3       99%         1
 Blink                    Tloc           N/A        N/A       100%        2
 Call Imp                 Summ           0%         N/A       100%        2
 Passwall                 Tmut/Erth      0%         N/A       100%        2
 Slow                     Hex            0%         N/A       100%        2
 Swiftness                Air            0%         N/A       100%        2
 Wereblood                Tmut           0%         N/A       100%        2
 Conjure Flame            Conj/Fire      0%         6-21      100%        3
 Mephitic Cloud           Conj/Pois/Air  0%         N/A       100%        3
 Spider Form              Tmut/Pois      0%         N/A       100%        3
 Ice Form                 Ice/Tmut       0%         N/A       100%        4
 Passage of Golubria      Tloc           N/A        N/A       100%        4
 Hydra Form               Tmut           0%         N/A       100%        5
 Lee's Rapid Deconstruct  Erth           0%         3d5*      100%        5
 Invisibility             Hex            0%         N/A       100%        6


Dungeon Overview and Level Annotations

Branches:
Dungeon (5/15)             Temple (1/1) D:4

Altars:
Ashenzari
Dithmenos
Fedhas
Gozag
Hepliaklqana
Kikubaaqudgha
Nemelex Xobeh
Okawaru
Ru
Sif Muna
Trog
Uskayaw
Vehumet
Xom
Yredelemnul
Zin

Shops:
D:1 !

Annotations:
D:5 Menkaure


Innate Abilities, Weirdness & Mutations

You have a pair of horns on your head.
You reflexively headbutt those who attack you in melee.


Message History

The killer bee stings you but does no damage.
The ice beast becomes distracted by the nearby gold, dreaming of imaginary riches.
The killer bee stings you.
You feel sick.
The killer bee stings you but does no damage.
You block the killer bee's attack.
You feel sick. You block the killer bee's attack.
You feel sick. The killer bee stings you.
* * * LOW HITPOINT WARNING * * *
You are more poisoned.
The killer bee poisons you!
* * * LOW HITPOINT WARNING * * *
You feel very sick. The killer bee barely misses you.
Your shield prevents you from hitting the killer bee.
* * * LOW HITPOINT WARNING * * *
You feel very sick. The killer bee barely misses you. You furiously retaliate!
You headbutt the killer bee, but do no damage.
You block the killer bee's attack. The killer bee closely misses you.
You barely miss the killer bee. You headbutt the killer bee.
The killer bee is lightly wounded.
You feel sick. The killer bee barely misses you.
You block the killer bee's attack.
You barely miss the killer bee.
The killer bee is lightly wounded.
You feel sick. The killer bee stings you.
* * * LOW HITPOINT WARNING * * *
The killer bee stings you but does no damage.
The killer bee stings you.
* * * LOW HITPOINT WARNING * * *
You feel very mighty all of a sudden.
* * * LOW HITPOINT WARNING * * *
You feel sick. You block the killer bee's attack. x2
You miss the killer bee.
The killer bee is lightly wounded.
* * * LOW HITPOINT WARNING * * *
You feel sick. The killer bee stings you.
You die...
Your body crumbles into a pile of gold.

. .###
############
...
#..........#
."#
#.########.#
###..###. #.#
#.# #.......
#.#
#.###.#..####
#.#
#@yZ..$......
#####<#
#####$#######
#.....# #Y#
#.##### ...
#.# .... #.#
#...## #.#
##.## #.# ###
#.# #.# #.#


You could see a killer bee and a centaur zombie.

Vanquished Creatures
  Grinder (D:3)
  A water moccasin (D:3)
  An ice beast (D:5)
  A necrophage (D:3)
  A bullfrog (D:4)
  3 killer bees (D:5)
  A bullfrog skeleton (D:5)
  Ijyb (D:3)
  Natasha (twice) (D:4)
  7 gnolls (D:2)
  4 adders
  A white imp (D:4)
  An ufetubus (D:5)
  An adder skeleton (D:4)
  A worm (D:4)
  3 orcs
  8 ball pythons
  5 bats
  10 endoplasms
  4 giant cockroaches
  7 goblins
  8 hobgoblins
  12 jackals
  2 frilled lizards
  A kobold (D:4)
  A rat (D:3)
88 creatures vanquished.

Notes
Turn   | Place    | Note
-------+----------+-------------------------------------------
     0 | D:1      | DarkShadow the Minotaur Fighter began the quest for the
                  | Orb.
     0 | D:1      | Reached XP level 1. HP: 19/19 MP: 0/0
   242 | D:1      | Found a faded altar of an unknown god.
   271 | D:1      | Reached XP level 2. HP: 17/27 MP: 1/1
   410 | D:1      | Found Muxtur's Distillery.
  1062 | D:2      | Reached XP level 3. HP: 33/33 MP: 2/2
  1075 | D:2      | Reached skill level 3 in Axes
  1087 | D:2      | Reached XP level 4. HP: 29/41 MP: 3/3
  1532 | D:2      | Found a basalt altar of Yredelemnul.
  2031 | D:3      | Noticed Ijyb
  2050 | D:3      | Killed Ijyb
  2051 | D:3      | Reached XP level 5. HP: 45/47 MP: 4/4
  2091 | D:3      | Noticed a water moccasin
  2100 | D:3      | Killed a water moccasin
  2101 | D:3      | Reached skill level 5 in Fighting
  2101 | D:3      | Reached skill level 4 in Axes
  2382 | D:3      | Reached XP level 6. HP: 56/56 MP: 5/5
  2490 | D:3      | Reached skill level 5 in Axes
  2490 | D:3      | Reached skill level 5 in Armour
  2711 | D:3      | Noticed Grinder
  2730 | D:3      | Killed Grinder
  2731 | D:3      | Reached skill level 1 in Dodging
  2731 | D:3      | Reached skill level 5 in Shields
  2731 | D:3      | Reached XP level 7. HP: 38/61 MP: 6/6
  2989 | D:4      | Reached skill level 6 in Axes
  3342 | D:4      | Noticed Natasha
  3347 | D:4      | Killed Natasha
  3395 | D:4      | Found a staircase to the Ecumenical Temple.
  3414 | Temple   | Entered the Ecumenical Temple
  3602 | Temple   | Became a worshipper of Gozag Ym Sagoz the Greedy
  3949 | D:4      | Noticed Natasha
  3971 | D:4      | Killed Natasha
  4118 | D:5      | Entered Level 5 of the Dungeon
  4313 | D:5      | Noticed Menkaure
  4486 | D:5      | Reached skill level 7 in Axes
  4502 | D:5      | HP: 3/63 [poisoned by a killer bee]
  4503 | D:5      | Slain by a killer bee

Illustrated notes

Levels and vault maps discovered:
D:1:      minmay_arrival_widening_spiral_wide, layout_basic,
          ebering_ecumenical_altar_mist, serial_shops, nicolae_shop_behind_doors
D:2:      layout_loops_ring, basic_altar
D:3:      layout_rooms, feat_on_display, uniq_ijyb, uniq_grinder,
          uniq_crazy_yiuf_cottage
D:4:      minmay_diamond_boxcup, layout_basic, minmay_temple_entry_offerings,
          uniq_natasha
D:5:      layout_loops_ring, hangedman_decor_points, uniq_menkaure, uniq_duvessa
Temple:   roderic_octagonal_lattice_temple

Skill      XL: |  1  2  3  4  5  6  7 |
---------------+----------------------+-----
Shields        | 4 5 |  5.5
Armour         | 4 5 6 |  6.5
Fighting       | 4 5 6 |  6.0
Axes           | 3 4 5 7 |  7.1
Dodging        | 1 |  1.4
Stealth        | |  0.2

Action                   |  1- 3 |  4- 6 |  7- 9 || total
-------------------------+-------+-------+-------++-------
Melee: War axe           |    44 |   126 |    73 ||   243
       Headbutt          |     8 |    20 |    15 ||    43
  Use: Scroll            |       |     4 |     1 ||     5
       Potion            |       |       |     1 ||     1
Armor: Scale mail        |    21 |    58 |    43 ||   122
Dodge: Dodged            |    23 |    33 |    45 ||   101
Block: Kite shield       |    25 |    76 |    60 ||   161

Table legend: (Time is in decaauts)
 A = Elapsed time spent in this place.
 B = Non-inter-level travel time spent in this place.
 C = Inter-level travel time spent in this place.
 D = Time resting spent in this place.
 E = Time spent auto-exploring this place.
 F = Levels seen in this place.
 G = Mean time per level.
                   A        B        C        D        E       F      G
               +--------+--------+--------+--------+--------+-----+--------+
         Total |   4617 |   4615 |      2 |    849 |   2523 |   6 |  769.5 |
       Dungeon |   4400 |   4398 |      2 |    849 |   2340 |   5 |  880.0 |
        Temple |    216 |    216 |      0 |      0 |    183 |   1 |  216.0 |
               +--------+--------+--------+--------+--------+-----+--------+

Top non-repeatable levels by time:
     D:2: 1160 daAuts
     D:3: 967 daAuts
     D:4: 956 daAuts
     D:1: 919 daAuts
     D:5: 396 daAuts
  Temple: 216 daAuts
